 Dungeon Crawl Stone Soup version 0.27.1-33-g824d729ab1 (webtiles) character file.

Game seed: 2364015628590098026

131 ces the Shield-Bearer (level 5, -1/47 HPs)
             Began as a Gnoll Fighter on Dec 1, 2021.
             Was an Initiate of Gozag.
             Killed from afar by an orc wizard (6 damage)
             ... with a puff of flame
             ... on level 4 of the Dungeon.
             The game lasted 00:03:24 (3448 turns).

ces the Shield-Bearer (Gnoll Fighter)               Turns: 3448, Time: 00:03:25

Health: -1/47      AC:  7    Str: 16    XL:     5   Next: 14%
Magic:  7/7        EV:  8    Int:  8    God:    Gozag
Gold:   266        SH: 10    Dex: 11    Spells: 6/6 levels left

rFire    . . .     SeeInvis .   a - +0 war axe
rCold    . . .     Faith    .   c - +0 kite shield
rNeg     . . .     Spirit   .   b - +0 scale mail
rPois    .         Reflect  .   (no helmet)
rElec    .         Harm     .   (no cloak)
rCorr    .         Rampage  .   (no gloves)
Will     .....                  (no boots)
Stlth    ..........             (no amulet)
HPRegen  0.15/turn              (no ring)
MPRegen  0.10/turn              (no ring)

@: no status effects
A: fangs 1, strong nose, distributed training
a: Renounce Religion, Potion Petition, Call Merchant, Bribe Branch


You were on level 4 of the Dungeon.
You worshipped Gozag.
Gozag was aware of your devotion.
You visited 1 branch of the dungeon, and saw 4 of its levels.

You collected 296 gold pieces.
You paid 30 gold pieces to Gozag.

Inventory:

Hand Weapons
 a - a +0 war axe (weapon)
Missiles
 k - 60 bolts
 s - 12 arrows
Armour
 b - a +0 scale mail (worn)
 c - a +0 kite shield (worn)
Jewellery
 f - an amulet of the acrobat
 g - a ring of positive energy
 q - a ring of flight
Wands
 r - a wand of iceblast (8)
 t - a wand of paralysis (5)
Scrolls
 e - a scroll of enchant weapon {unknown}
 h - 4 scrolls of teleportation {unknown}
 i - a scroll of fear {unknown}
 j - a scroll of silence {unknown}
 o - a scroll of holy word {unknown}
Potions
 d - a potion of might
 l - a potion of curing {unknown}
 m - a potion of haste {unknown}
 n - a potion of heal wounds {unknown}
 p - a potion of degeneration {unknown}


   Skills:
 + Level 6.6 Fighting
 + Level 1.4 Short Blades
 + Level 1.4 Long Blades
 + Level 4.7 Axes
 + Level 1.4 Maces & Flails
 + Level 1.4 Polearms
 + Level 1.4 Staves
 + Level 1.4 Slings
 + Level 1.4 Bows
 + Level 1.4 Crossbows
 + Level 1.4 Throwing
 + Level 6.6 Armour
 + Level 1.4 Dodging
 + Level 1.4 Stealth
 + Level 6.6 Shields
 + Level 1.4 Unarmed Combat
 + Level 1.4 Spellcasting
 + Level 1.1 Conjurations
 + Level 1.1 Hexes
 + Level 1.1 Summonings
 + Level 1.1 Necromancy
 + Level 1.1 Translocations
 + Level 1.1 Transmutations
 + Level 1.1 Fire Magic
 + Level 1.1 Ice Magic
 + Level 1.1 Air Magic
 + Level 1.1 Earth Magic
 + Level 1.1 Poison Magic
 + Level 1.5 Invocations
 + Level 1.4 Evocations


You had 6 spell levels left.
You didn't know any spells.
Your spell library was empty.

Dungeon Overview and Level Annotations

Branches:
Dungeon (4/15)
 Temple: D:4-7

Altars:
Gozag

Shops:
D:1 (   D:3 [


Innate Abilities, Weirdness & Mutations

You have very sharp teeth.
Your uncanny sense of smell can sniff out nearby items.
Your experience applies equally to all skills.


Message History

Something hits you.
You barely miss something. x2; Something hits you.
You block something's attack.
You miss something. You closely miss something.
The kobold throws a stone.
The stone hits you. Something hits you. x2
You closely miss something. x2; Something hits you but does no damage.
You hear some strange, mumbled words.
Something tries to affect you, but you resist.
The kobold throws a stone.
Something hits you but does no damage.
You hear some strange, mumbled words.
You are confused.
You're too confused to move!
Something hits you. x2
You bump into the rock wall.
Something hits you. x2
You miss something. You bite something. You miss something.
The kobold throws a stone.
The stone hits you but does no damage. Something hits you but does no damage.
Something hits you.
You slash something! You miss something. Something hits you.
You hear some strange, mumbled words.
Something tries to affect you, but you resist.
Something hits you but does no damage.
You hit something but do no damage. Your bite misses something.
You closely miss something.
You feel less confused. Something hits you.
The kobold throws a stone.
Something completely misses you.
You hear some strange, mumbled words.
Something tries to affect you, but you resist.
Things that are here:
8 gold pieces; a +0 dagger; a +0 leather armour The kobold throws a stone.
The stone hits you but does no damage.
A magic dart appears from out of thin air!
The magic dart hits you.
* * * LOW HITPOINT WARNING * * *
The kobold throws a stone.
The stone misses you.
A puff of flame appears from out of thin air!
The puff of flame hits you!
* * * LOW HITPOINT WARNING * * *
The kobold throws a stone.
The stone hits you but does no damage.
A puff of flame appears from out of thin air!
The puff of flame hits you.
You die...
Your body crumbles into a pile of gold.

############# ####
###
#...K$......##.....
..#
#......#..{......#
#.#
#.#.##.#.####@####
#.# # #.#.......#
#####.#####
#.#.####..#
##.......... #.#.#
#..####...##.####.
....#
#.........##.# #.
#.#.#
#.#####......# ##
<#.####.# ###.####
...>....#######.#
...[............#


You could see a kobold.

Vanquished Creatures
  A jelly (D:4)
  A worm (D:3)
  5 dart slugs
  15 orcs
  9 ball pythons
  6 endoplasms
  3 giant cockroaches
  A goblin (D:3)
  5 hobgoblins
  A jackal (D:1)
  7 kobolds
  A quokka (D:1)
  4 bats
  3 frilled lizards
  6 rats
68 creatures vanquished.

Notes
Turn   | Place    | Note
-------+----------+-------------------------------------------
     0 | D:1      | ces the Gnoll Fighter began the quest for the Orb.
     0 | D:1      | Reached XP level 1. HP: 23/23 MP: 1/1
   159 | D:1      | Reached XP level 2. HP: 28/29 MP: 2/2
   414 | D:1      | Found Fohuath's Weapon Boutique.
   438 | D:1      | Reached XP level 3. HP: 35/35 MP: 3/3
  1114 | D:2      | Reached skill level 1 in Invocations
  1727 | D:2      | Found a faded altar of an unknown god.
  2065 | D:3      | Found an opulent altar of Gozag.
  2071 | D:3      | Reached skill level 1 in Short Blades
  2071 | D:3      | Reached skill level 1 in Long Blades
  2071 | D:3      | Reached skill level 1 in Maces & Flails
  2071 | D:3      | Reached skill level 1 in Polearms
  2071 | D:3      | Reached skill level 1 in Staves
  2071 | D:3      | Reached skill level 1 in Slings
  2071 | D:3      | Reached skill level 1 in Bows
  2071 | D:3      | Reached skill level 1 in Crossbows
  2071 | D:3      | Reached skill level 1 in Throwing
  2071 | D:3      | Reached skill level 1 in Dodging
  2071 | D:3      | Reached skill level 1 in Stealth
  2071 | D:3      | Reached skill level 1 in Unarmed Combat
  2071 | D:3      | Reached skill level 1 in Spellcasting
  2071 | D:3      | Reached skill level 1 in Evocations
  2078 | D:3      | Became a worshipper of Gozag Ym Sagoz the Greedy
  2149 | D:3      | Reached XP level 4. HP: 33/41 MP: 5/5
  2744 | D:3      | Reached skill level 1 in Conjurations
  2744 | D:3      | Reached skill level 1 in Hexes
  2744 | D:3      | Reached skill level 1 in Summonings
  2744 | D:3      | Reached skill level 1 in Necromancy
  2744 | D:3      | Reached skill level 1 in Translocations
  2744 | D:3      | Reached skill level 1 in Transmutations
  2744 | D:3      | Reached skill level 1 in Fire Magic
  2744 | D:3      | Reached skill level 1 in Ice Magic
  2744 | D:3      | Reached skill level 1 in Air Magic
  2744 | D:3      | Reached skill level 1 in Earth Magic
  2744 | D:3      | Reached skill level 1 in Poison Magic
  2754 | D:3      | Found Mysac's Antique Armour Boutique.
  3279 | D:4      | Reached XP level 5. HP: 33/47 MP: 5/7
  3448 | D:4      | Killed from afar by an orc wizard

Illustrated notes

Levels and vault maps discovered:
D:1:      evilmike_arrival_fibonacci_small, layout_basic, serial_shops, shop,
          amcnicky_mini_corridor_feature, st_stairs_10, minmay_crystal_water
D:2:      layout_basic, serial_curves, eino_curves_01, eino_curves_02,
          eino_curves_01, shapermc_ecumenical_altar_starsandcircs,
          minmay_pentomino_pile
D:3:      layout_loops_ring, nicolae_gozag_seed_capital, serial_shops,
          nicolae_shop_behind_doors, kennysheep_small_spiral
D:4:      layout_loops_ring, amcnicky_altar_gilded,
          mainiacjoe_overflow_alcove_1, uniq_pikel

Skill      XL: |  1  2  3  4 |
---------------+-------------+-----
Invocations    | 1 |  1.5
Short Blades   | 1 |  1.4
Long Blades    | 1 |  1.4
Maces & Flails | 1 |  1.4
Polearms       | 1 |  1.4
Staves         | 1 |  1.4
Slings         | 1 |  1.4
Bows           | 1 |  1.4
Crossbows      | 1 |  1.4
Throwing       | 1 |  1.4
Dodging        | 1 |  1.4
Stealth        | 1 |  1.4
Unarmed Combat | 1 |  1.4
Spellcasting   | 1 |  1.4
Evocations     | 1 |  1.4
Conjurations   | 1 |  1.1
Hexes          | 1 |  1.1
Summonings     | 1 |  1.1
Necromancy     | 1 |  1.1
Translocations | 1 |  1.1
Transmutations | 1 |  1.1
Fire Magic     | 1 |  1.1
Ice Magic      | 1 |  1.1
Air Magic      | 1 |  1.1
Earth Magic    | 1 |  1.1
Poison Magic   | 1 |  1.1
Fighting       | |  6.6
Axes           | |  4.7
Armour         | |  6.6
Shields        | |  6.6

Action                   |  1- 3 |  4- 6 || total
-------------------------+-------+-------++-------
Melee: War axe           |   121 |    58 ||   179
       Bite              |     8 |     5 ||    13
Armor: Scale mail        |    36 |    24 ||    60
Dodge: Dodged            |    42 |    17 ||    59
Block: Kite shield       |    73 |    30 ||   103
